 Dungeon Crawl Stone Soup version 0.27.1-4-g1640c2035a (webtiles) character file.

Game seed: 12646162588666221222

37 Descartes the Vandal (level 3, 0/17 HPs)
             Began as a Spriggan Arcane Marksman on Nov 17, 2021.
             Slain by an adder (4 damage)
             ... on level 2 of the Dungeon.
             The game lasted 00:03:07 (1797 turns).

Descartes the Vandal (Spriggan Arcane Marksman)     Turns: 1797, Time: 00:03:08

Health: 0/17       AC:  2    Str:  6    XL:     3   Next: 21%
Magic:  6/6        EV: 17    Int: 15    God:
Gold:   115        SH:  0    Dex: 15    Spells: 3/4 levels left

rFire    . . .     SeeInvis +   a - +0 hunting sling
rCold    . . .     Faith    .   (shield restricted)
rNeg     . . .     Spirit   .   d - +0 robe
rPois    .         Reflect  .   (helmet restricted)
rElec    .         Harm     .   (no cloak)
rCorr    .         Rampage  .   (gloves unavailable)
Will     .....                  (boots unavailable)
Stlth    +.........             (no amulet)
HPRegen  0.05/turn              (no ring)
MPRegen  0.10/turn              (no ring)

@: very quick
A: very small, no large weapons, unfitting armour, see invisible, speed 3
a: no special abilities


You were on level 2 of the Dungeon.
You visited 1 branch of the dungeon, and saw 2 of its levels.

You collected 115 gold pieces.

Inventory:

Hand Weapons
 a - a +0 hunting sling (weapon)
Missiles
 c - 25 sling bullets
 f - 123 stones (quivered ammo)
Armour
 d - a +0 robe (worn)
Jewellery
 l - an amulet of guardian spirit
Scrolls
 b - 3 scrolls of fear {unknown}
 g - a scroll of noise {unknown}
 j - a scroll of identify {unknown}
 k - 3 scrolls of torment {unknown}
 n - a scroll of holy word {unknown}
Potions
 e - a potion of mutation {unknown}
 h - 2 potions of curing {unknown}
 i - a potion of heal wounds {unknown}
 m - 2 potions of attraction {unknown}
 o - a potion of lignification {unknown}


   Skills:
 - Level 0.7 Fighting
 + Level 4.5 Slings
 - Level 2.6 Dodging
 - Level 1.3 Spellcasting
 - Level 3.6 Hexes


You had 3 spell levels left.
You knew the following spells:

 Your Spells              Type           Power      Damage    Failure   Level
a - Corona                Hex            12%        N/A       5%          1

Your spell library contained the following spells:

 Spells                   Type           Power      Damage    Failure   Level
 Slow                     Hex            11%        N/A       9%          2
 Inner Flame              Hex/Fire       6%         N/A       34%         3
 Portal Projectile        Hex/Tloc       12%        N/A       34%         3
 Cause Fear               Hex            5%         N/A       47%         4


Dungeon Overview and Level Annotations

Branches:
Dungeon (2/15)

Altars:


Innate Abilities, Weirdness & Mutations

You are very small and have problems with some larger weapons.
You are too small for most types of armour.
You have supernaturally acute eyesight. (SInv)
You cover ground extremely quickly. (Speed+++)


Message History

You shoot a stone. The stone closely misses the adder.
Fire: 129 stones
Press: ? - help, Q - select action, (/) - cycle Shift-Dir - straight line, f/p - adder
Aim: an adder (42% to hit)
You shoot a stone. The stone hits the adder.
The adder is moderately wounded.
Fire: 128 stones
Press: ? - help, Q - select action, (/) - cycle Shift-Dir - straight line, f/p - adder
Aim: an adder (moderately wounded, 42% to hit)
You shoot a stone. The stone misses the adder.
The adder bites you. x2
You are poisoned.
The adder poisons you!
Fire: 127 stones
Press: ? - help, Q - select action, (/) - cycle Shift-Dir - straight line, f/p - adder
Aim: an adder (moderately wounded, 42% to hit)
You shoot a stone. The stone closely misses the adder.
You feel sick. The adder bites you.
Fire: 126 stones
Press: ? - help, Q - select action, (/) - cycle Shift-Dir - straight line, f/p - adder
Aim: an adder (moderately wounded, 42% to hit)
You shoot a stone. The stone completely misses the adder.
You feel sick. The adder misses you.
Unknown command.
Fire: 125 stones
Press: ? - help, Q - select action, (/) - cycle Shift-Dir - straight line, f/p - adder
Aim: an adder (moderately wounded, 42% to hit)
You shoot a stone. The stone hits the adder.
The adder is heavily wounded.
You feel sick. The adder misses you.
Fire: 124 stones
Press: ? - help, Q - select action, (/) - cycle Shift-Dir - straight line, f/p - adder
Aim: an adder (heavily wounded, 42% to hit)
You shoot a stone.
The stone hits the adder but does no damage.
The adder is heavily wounded.
You feel sick.
You are no longer poisoned.
The adder bites you.
You die...

###### #..... ###.....
#....... #######.#.....
#.....#.#.....
###########.###.#.#.....
(.....S@....#...#.#.....
########....#...#.###...
#.##.###.#.#..... #.##.#
#.#.#..... #.##.#
#.#.#.....
#.##.###.#.#.....
#........#.#.....
##..#.##..#.#.....
#.....##..#.######


You could see an adder.

Vanquished Creatures
  An adder (D:2)
  A dart slug (D:1)
  3 bats (D:1)
  4 endoplasms
  A giant cockroach (D:1)
  2 goblins
  3 kobolds
  3 quokkas
  A ball python (D:1)
  2 frilled lizards (D:2)
  4 rats
25 creatures vanquished.

Notes
Turn   | Place    | Note
-------+----------+-------------------------------------------
     0 | D:1      | Descartes the Spriggan Arcane Marksman began the quest for
                  | the Orb.
     0 | D:1      | Reached XP level 1. HP: 9/9 MP: 3/3
   234 | D:1      | Reached skill level 3 in Slings
   280 | D:1      | Reached XP level 2. HP: 6/14 MP: 5/5
   962 | D:2      | Reached skill level 4 in Slings
  1506 | D:2      | Reached XP level 3. HP: 10/17 MP: 6/6
  1797 | D:2      | Slain by an adder

Illustrated notes

Levels and vault maps discovered:
D:1:      minmay_arrival_diagonal_passages, layout_basic
D:2:      layout_basic, minivault_4

Skill      XL: |  1  2 |
---------------+-------+-----
Slings         | 3 4 |  4.5
Fighting       | |  0.7
Dodging        | |  2.6
Spellcasting   | |  1.3
Hexes          | |  3.6

Action                   || total
-------------------------++-------
 Fire: Hunting sling     ||    88
 Cast: Corona            ||     2
Armor: Robe              ||     4
Dodge: Dodged            ||    20
